 Dungeon Crawl Stone Soup version 0.25-a0-290-g4a1327ee3a (webtiles) character file.

Game seed: 17050214197815837031, levelgen mode: classic

116186 Borgoz the Swashbuckler (level 17, 0/121 HPs)
             Began as a Halfling Gladiator on Dec 14, 2019.
             Was the Champion of Ashenzari.
             Slain by a six-headed hydra (8 damage)
             ... on level 4 of the Swamp.
             The game lasted 01:03:13 (34639 turns).

Borgoz the Swashbuckler (Halfling Gladiator)       Turns: 34639, Time: 01:03:14

Health: 0/121      AC: 18    Str: 23    XL:     17   Next: 25%
Magic:  0/24       EV: 26    Int:  9    God:    Ashenzari [******]
Gold:   2067       SH:  0    Dex: 18    Spells: 22/26 levels left

rFire    . . .     SeeInvis +   a - +5 quick blade (venom) (curse)
rCold    . . .     Gourm    .   (shield restricted)
rNeg     + + .     Faith    .   y - +3 ring mail of the Abyss {rN++ Slay+5}
rPois    +         Spirit   +   x - +2 helmet {Int+3}
rElec    .         Reflect  .   R - +2 cloak {+Inv}
rCorr    .         Harm     .   (no gloves)
MR       +....     Clarity  +   (no boots)
Stlth    ++........             e - amulet of guardian spirit
HPRegen  0.30/turn              c - ring of poison resistance
MPRegen  0.19/turn              B - +3 ring of strength

@: confusing touch, very slow
A: small, mutation resistance 1
a: Curse Item, Scrying, Transfer Knowledge, Renounce Religion, Evoke
Invisibility


You were on level 4 of the Swamp.
You worshipped Ashenzari.
Ashenzari was exalted by your worship.
You were not hungry.

You visited 5 branches of the dungeon, and saw 28 of its levels.
You also visited: Sewer, Gauntlet and Ice Cave.

You collected 2664 gold pieces.
You spent 597 gold pieces at shops.

Inventory:

Hand Weapons
 a - a cursed +5 quick blade of venom (weapon)
 O - the cursed +2 falchion "Fukejig" {freeze, -Tele rF+ rC+++ MR+}
   (You found it on level 2 of the Swamp)

   It has been specially enchanted to freeze those struck by it, causing extra
   injury to most foes and up to half again as much damage against particularly
   susceptible opponents.
   It can also slow down cold-blooded creatures.
   It protects you from fire.
   It renders you almost immune to cold.
   It affects your resistance to hostile enchantments.
   It prevents most forms of teleportation.
   It has a curse placed upon it.
Missiles
 d - 4 throwing nets (quivered)
Armour
 x - a +2 helmet of intelligence (worn)
 y - the +3 ring mail of the Abyss (worn) {rN++ Slay+5}
   (You found it on level 6 of the Dungeon)

   It affects your accuracy and damage with ranged weapons and melee attacks
   (+5).
   It greatly protects you from negative energy.
 A - the +4 scale mail of the Beggar {rPois rF+++ Stlth-}
   (You found it on level 2 of the Lair of Beasts)

   It renders you almost immune to fire.
   It protects you from poison.
   It makes you less stealthy.
 I - the +5 scale mail of Hoserog {rElec rN+ Slay+3}
   (You took it off a minotaur in a Gauntlet)

   It affects your accuracy and damage with ranged weapons and melee attacks
   (+3).
   It insulates you from electricity.
   It protects you from negative energy.
 N - +0 acid dragon scales
 R - a +2 cloak of invisibility (worn)
Jewellery
 b - a +3 amulet of reflection
 c - a ring of poison resistance (left hand)
 e - an amulet of guardian spirit (around neck)
 m - an uncursed ring of protection from fire
 r - an uncursed ring of protection from fire
 B - a +3 ring of strength (right hand)
 D - an uncursed ring of flight
 H - an uncursed amulet of the gourmand
 T - an uncursed ring of ice
Wands
 h - a wand of acid (19)
 k - a wand of paralysis (29)
 n - a wand of clouds (1)
 w - a wand of iceblast (20)
 L - a wand of digging (6)
Scrolls
 g - 2 scrolls of fog
 l - 5 scrolls of fear
 s - 7 scrolls of teleportation
 u - 10 scrolls of remove curse
 v - 4 scrolls of magic mapping
 G - 6 scrolls of identify
 M - a scroll of blinking
 Q - a scroll of silence
 U - a scroll of enchant armour
 V - a scroll of acquirement
Potions
 i - 10 potions of curing
 j - 9 potions of flight
 o - 2 potions of resistance
 p - 3 potions of haste
 q - 2 potions of might
 t - a potion of berserk rage {unknown}
 z - a potion of cancellation
 C - 3 potions of brilliance
 E - 3 potions of heal wounds
 F - 3 potions of invisibility
 J - 2 potions of ambrosia
 K - a potion of agility
 S - a potion of mutation
Miscellaneous
 P - a sack of spiders
Comestibles
 f - 39 rations
 W - 4 chunks of flesh


   Skills:
 * Level 12.4 Fighting
 + Level 15.7(19.6) Short Blades
 - Level 2.0 Throwing
 * Level 14.1 Armour
 * Level 14.5 Dodging
 + Level 8.5 Stealth
 - Level 5.0 Spellcasting
 - Level 5.0 Hexes
 + Level 6.7 Evocations


You had 22 spell levels left.
You knew the following spells:

 Your Spells              Type           Power        Failure   Level  Hunger
a - Confusing Touch       Hex            ##....       4%          1    #......
b - Confuse               Hex            ##......     13%         3    ###....

Your spell library contained the following spells:

 Spells                   Type           Power        Failure   Level  Hunger
 Tukima's Dance           Hex            ##......     13%         3    ###....
 Animate Skeleton         Necr           N/A          32%         1    #......
 Apportation              Tloc           #.....       32%         1    #......
 Freeze                   Ice            #...         32%         1    #......
 Sandblast                Erth           #.....       32%         1    #......
 Summon Butterflies       Summ           #.......     32%         1    #......
 Summon Small Mammal      Summ           #...         32%         1    #......
 Portal Projectile        Hex/Tloc       #.....       34%         3    ###....
 Passwall                 Tmut/Erth      #.......     45%         2    ##.....
 Shroud of Golubria       Chrm/Tloc      #.....       45%         2    ##.....
 Gell's Gravitas          Tloc           #.........   69%         3    ###....
 Lesser Beckoning         Tloc           #.........   69%         3    ###....
 Ozocubu's Armour         Chrm/Ice       #.......     69%         3    ###....
 Stone Arrow              Conj/Erth      #.....       69%         3    ###....
 Teleport Other           Tloc           #.......     69%         3    ###....
 Leda's Liquefaction      Hex/Erth       #.........   75%         4    #####..
 Hailstorm                Conj/Ice       #.......     97%         4    #####..
 Ice Form                 Ice/Tmut       #.......     97%         4    #####..
 Petrify                  Tmut/Erth      #.......     97%         4    #####..
 Summon Ice Beast         Ice/Summ       #.......     97%         4    #####..
 Metabolic Englaciation   Hex/Ice        #.........   97%         5    ######.
 Yara's Violent Unravell  Hex/Tmut       #.........   97%         5    ######.
 Alistair's Intoxication  Tmut/Pois      #.......     100%        5    ######.
 Bolt of Magma            Conj/Fire/Erth #.........   100%        5    ######.
 Lee's Rapid Deconstruct  Erth           #.........   100%        5    ######.
 Freezing Cloud           Conj/Ice/Air   #.........   100%        6    #######
 Invisibility             Hex            ##......     100%        6    #######
 Iron Shot                Conj/Erth      #.........   100%        6    #######
 Ozocubu's Refrigeration  Ice            #.........   100%        6    #######
 Simulacrum               Ice/Necr       #.........   100%        6    #######
 Statue Form              Tmut/Erth      #........    100%        6    #######
 Controlled Blink         Tloc           N/A          100%        8    #######
 Shatter                  Erth           #.........   100%        9    #######


Dungeon Overview and Level Annotations

Branches:
Dungeon (15/15)            Temple (1/1) D:5            Lair (6/6) D:8
  Swamp (4/4) Lair:3       Spider (0/4) Lair:4        Slime (0/5) Lair:5
    Orc (2/2) D:11            Elf (0/3) Orc:2        Vaults (0/5) D:14
 Depths (0/5) D:15          Sewer (visited)           IceCv (visited)
Gauntlet (visited)

Altars:
Ashenzari
Cheibriados
Dithmenos
Elyvilon
Fedhas
Gozag
Hepliaklqana
Kikubaaqudgha
Makhleb
Nemelex Xobeh
Okawaru
Qazlal
Ru
Sif Muna
Trog
Uskayaw
Vehumet
Wu Jian
Xom
Yredelemnul
Zin
The Shining One
Jiyva

Shops:
D:7 (   D:12 !   D:13 *   D:14 [   Orc:2 !}?%

Annotations:
D:4 1 runed translucent door


Innate Abilities, Weirdness & Mutations

You are small and have problems with some larger weapons.
You are somewhat resistant to further mutation.


Message History

The five-headed hydra bites you but does no damage.
The five-headed hydra completely misses you.
The five-headed hydra misses you. x2
Okay, then.
Casting: Confusing Touch (safe; 4% risk of failure)
Confirm with . or Enter, or press ? or * to list all spells.
Your hands begin to glow red.
The six-headed hydra seems less confused.
The five-headed hydra bites you but does no damage.
The five-headed hydra barely misses you.
The five-headed hydra bites you.
* * * LOW HITPOINT WARNING * * *
The five-headed hydra bites you but does no damage.
The five-headed hydra bites you.
* * * LOW HITPOINT WARNING * * *
The six-headed hydra completely misses you.
The six-headed hydra barely misses you. The six-headed hydra bites you!
* * * LOW HITPOINT WARNING * * *
The six-headed hydra bites you!
You die...

,, ≈≈ .≈≈...≈≈≈≈≈≈. , * ≈, ≈
≈≈≈*≈♣..≈..≈≈≈≈≈♣♣ *** ≈ ≈ ,
≈.≈.≈≈≈≈≈≈.♣ , ≈ *
{**≈.≈..≈§≈≈≈♣ * **,{,
♣≈.≈≈≈≈.♣♣ * * , ,{
#.≈§≈≈≈≈.♣♣♣♣* )♣ * ,{ {
,*♣≈†.≈≈≈≈....≈* ♣≈ ** ∆{,,
{ #♣Dk≈≈≈≈.≈≈. * .≈* *{,,,
{,{*♣@D..≈....** .≈♣# ∆{ ,
∆{*#♣≈≈..♣♣♣♣≈, ≈.≈#* {{,,
*#♣.≈♣≈≈≈♣♣ , .♣≈♣#*{ , ,{
♣.)♣)≈≈≈≈♣ ** .≈§.♣#* ,∆,
**#♣≈♣♣≈≈≈.≈♣* * .≈≈..♣#* *
* #♣..♣♣♣♣≈.♣♣♣ .≈♣♣≈≈♣#
#♣♣.≈≈≈.♣.≈≈≈.♣♣♣
.♣♣♣♣..♣##♣♣≈≈≈≈≈≈.≈≈≈≈≈≈..♣
.≈♣♣♣♣≈..♣≈≈....≈≈≈..§≈≈≈≈.♣


You could see a six-headed hydra, a five-headed hydra and a swamp drake.

Vanquished Creatures
  Kirke (Swamp:3)
  A thorn hunter (Swamp:3)
  The ghost of Borgoz the Warrior, an adept GrFi of Ashenzari (Orc:2)
  A frost giant (IceCv)
  An orc warlord (Orc:2)
  The ghost of grouchysmurf the Severer, a journeyman HOSk of Nemelex Xobeh (Orc:2)
  A very ugly thing (Swamp:2)
  The ghost of Nico3ck the Fencer, a journeyman DsBe of Trog (Orc:2)
  A minotaur (Gauntlet)
  A dire elephant (D:15)
  The ghost of chorionicmirror the Cruncher, a journeyman DsGl of Cheibriados (Orc:2)
  A fire dragon (Lair:6)
  9 hydras
  2 centaur warriors
  A shambling mangrove (Swamp:1)
  A ghost crab (Swamp:3)
  An ogre mage (D:15)
  Erica (Orc:1)
  9 alligators
  4 death yaks (Lair:6)
  A tengu warrior (D:12)
  11 two-headed ogres
  An orc high priest (Orc:2)
  A soul eater (Gauntlet)
  A sixfirhy (Gauntlet)
  5 unseen horrors
  Pikel (D:9)
  A spriggan druid (Swamp:1)
  A swamp dragon (Swamp:2)
  A lindwurm (Lair:6)
  2 necromancers (D:14)
  An obsidian statue (Lair:2)
  4 orc sorcerers (Orc:2)
  6 ugly things
  A deep elf mage (D:15)
  5 cyclopes
  A wolf spider zombie (D:14)
  A wolf spider (D:15)
  A manticore (D:11)
  A centaur zombie (D:15)
  An elephant (D:8)
  2 molten gargoyles (Lair:6)
  19 spiny frogs
  7 black mambas
  3 gargoyles
  An ice statue (IceCv)
  2 centaur skeletons
  A rime drake (Lair:5)
  A kobold demonologist (D:11)
  16 komodo dragons
  2 efreet
  3 trolls
  14 polar bears (IceCv)
  5 tyrant leeches
  8 hornets
  A merfolk (D:15)
  A raiju (Gauntlet)
  Grinder (Sewer)
  10 dream sheep
  10 hippogriffs
  A bog body (Swamp:1)
  12 slime creatures
  10 blink frogs
  5 spriggans
  3 shadows
  5 wyverns
  7 basilisks
  3 hogs (Swamp:3)
  54 yaks
  A hungry ghost (D:13)
  A tarantella (Lair:4)
  4 steam dragons
  12 vampire mosquitoes
  13 insubstantial wisps (Swamp:1)
  2 wargs
  13 swamp worms
  3 soldier ants
  2 acid dragons
  5 hell hounds (Lair:6)
  8 porcupines
  11 water moccasins
  A swamp drake (Swamp:2)
  13 ice beasts
  30 orc warriors
  5 sky beasts
  4 slaves (D:9)
  A black bear (D:9)
  4 necrophages
  12 centaurs
  9 wolves (IceCv)
  17 ogres
  9 crocodiles
  Blork the orc (D:4)
  A big kobold (D:9)
  18 bullfrogs
  6 killer bees (D:10)
  3 scorpions
  An electric eel (Lair:2)
  3 howler monkeys
  8 wights
  5 crimson imps
  2 bullfrog zombies
  5 lava snakes (Lair:6)
  A quasit (D:11)
  A bullfrog skeleton (D:9)
  4 jellies
  29 orc priests
  6 hounds
  6 iguanas
  35 orc wizards
  7 worker ants
  2 lightning spires (Gauntlet)
  A killer bee zombie (D:8)
  A statue (D:5)
  A big kobold zombie (Sewer)
  A hound zombie (D:6)
  2 hound skeletons
  A worker ant zombie (D:10)
  3 gnolls (D:4)
  13 adders
  8 shadow imps
  9 ufetubi
  3 oozes (Sewer)
  A worm (D:4)
  A dart slug (D:5)
  3 leopard geckos
  62 orcs
  A ball python (Sewer)
  4 bats
  6 giant cockroaches
  4 goblins
  6 hobgoblins
  12 jackals
  20 kobolds
  3 quokkas
  A ball python skeleton (D:5)
  6 frilled lizards
  A giant cockroach zombie (Sewer)
  2 kobold zombies (Sewer)
  A leopard gecko zombie (D:5)
  3 rats
799 creatures vanquished.

Vanquished Creatures (others)
  A hog (Swamp:3)
  A human (Swamp:3)
  A swamp drake (Swamp:4)
  2 orc wizards
  An orc (D:9)
  6 fungi
  A plant (Lair:6)
  14 withered plants (Gauntlet)
27 creatures vanquished.

Grand Total: 826 creatures vanquished

Notes
Turn   | Place    | Note
-------+----------+-------------------------------------------
     0 | D:1      | Borgoz the Halfling Gladiator began the quest for the Orb.
     0 | D:1      | Reached XP level 1. HP: 14/14 MP: 1/1
   148 | D:1      | Reached XP level 2. HP: 19/19 MP: 2/2
   592 | D:2      | Found a shattered altar of Ashenzari.
   606 | D:2      | Reached skill level 4 in Short Blades
   606 | D:2      | Reached skill level 1 in Armour
   606 | D:2      | Reached XP level 3. HP: 19/24 MP: 3/3
   664 | D:2      | Became a worshipper of Ashenzari the Shackled
   820 | D:2      | Reached XP level 4. HP: 27/30 MP: 2/4
  1009 | D:2      | Found a glowing golden altar of the Shining One.
  1273 | D:3      | Found a snail-covered altar of Cheibriados.
  1275 | D:3      | Found a hazy altar of Hepliaklqana.
  1275 | D:3      | Found a shimmering altar of Xom.
  1277 | D:3      | Found an iron altar of Okawaru.
  1277 | D:3      | Found a hazy altar of Hepliaklqana.
  1277 | D:3      | Found a shattered altar of Ashenzari.
  1922 | D:4      | Found a burning altar of Makhleb.
  1963 | D:4      | Reached * piety under Ashenzari
  2005 | D:4      | Found a glowing drain.
  2061 | D:4      | Reached XP level 5. HP: 20/35 MP: 3/5
  2177 | Sewer    | Entered a sewer
  2548 | Sewer    | Reached XP level 6. HP: 40/42 MP: 6/6
  2597 | Sewer    | Found an ancient bone altar of Kikubaaqudgha.
  2610 | Sewer    | Reached skill level 5 in Short Blades
  2704 | Sewer    | Noticed a necrophage
  2721 | Sewer    | Killed a necrophage
  2721 | Sewer    | Reached skill level 5 in Dodging
  2721 | Sewer    | Reached XP level 7. HP: 31/46 MP: 7/7
  2830 | Sewer    | Noticed Grinder
  2837 | Sewer    | Paralysed by Grinder for 2 turns
  2846 | Sewer    | Paralysed by Grinder for 5 turns
  2858 | Sewer    | Killed Grinder
  3191 | D:4      | Found a glowing golden altar of the Shining One.
  3191 | D:4      | Found a runed translucent door.
  3191 | D:4      | Noticed an angel
  3540 | D:4      | Noticed Blork the orc
  3553 | D:4      | Killed Blork the orc
  3553 | D:4      | Reached skill level 6 in Short Blades
  3553 | D:4      | Reached XP level 8. HP: 48/54 MP: 6/8
  3925 | D:4      | Found a sacrificial altar of Ru.
  4120 | D:5      | Entered Level 5 of the Dungeon
  4202 | D:5      | Found a staircase to the Ecumenical Temple.
  4212 | D:5      | Found a basalt altar of Yredelemnul.
  4222 | Temple   | Entered the Ecumenical Temple
  4471 | D:5      | Found an opulent altar of Gozag.
  4573 | D:5      | Reached skill level 5 in Armour
  4576 | D:5      | Found a radiant altar of Vehumet.
  4912 | D:5      | Found an opulent altar of Gozag.
  5022 | D:6      | Reached skill level 7 in Short Blades
  5099 | D:6      | Reached skill level 1 in Stealth
  5099 | D:6      | Reached skill level 1 in Evocations
  5099 | D:6      | Reached XP level 9. HP: 27/60 MP: 4/9
  5340 | D:6      | Reached skill level 5 in Fighting
  5358 | D:6      | Reached ** piety under Ashenzari
  5525 | D:6      | Got the uncursed ring mail of the Abyss {rN++ Slay+5}
  5536 | D:6      | Identified the +3 ring mail of the Abyss {rN++ Slay+5} (You
                  | found it on level 6 of the Dungeon)
  5910 | D:7      | Found Lygh's Weapon Shoppe.
  6654 | D:7      | Reached skill level 8 in Short Blades
  6743 | D:7      | Noticed a hornet
  6754 | D:7      | Killed a hornet
  7047 | D:8      | Noticed a hornet
  7050 | D:8      | Reached XP level 10. HP: 65/68 MP: 10/12
  7615 | D:8      | Reached skill level 9 in Short Blades
  7669 | D:8      | Found a staircase to the Lair.
  7669 | D:8      | Noticed an elephant
  7727 | D:8      | Killed an elephant
  8089 | D:8      | Found a white marble altar of Elyvilon.
  8277 | D:9      | Reached XP level 11. HP: 18/74 MP: 4/13
  8601 | D:9      | Reached *** piety under Ashenzari
  8630 | D:9      | Noticed Pikel
  8683 | D:9      | Killed Pikel
  8791 | D:9      | Reached skill level 5 in Stealth
  8986 | D:9      | Reached skill level 10 in Short Blades
  9207 | D:10     | Entered Level 10 of the Dungeon
  9381 | D:10     | Noticed an unseen horror
  9405 | D:10     | Killed an unseen horror
  9637 | D:10     | Reached skill level 1 in Spellcasting
  9754 | D:10     | Noticed a red ugly thing
  9767 | D:10     | Killed a red ugly thing
 10407 | D:11     | Found a gate leading to a gauntlet.
 10413 | D:11     | Noticed a five-headed hydra
 10425 | D:11     | Killed a five-headed hydra
 10425 | D:11     | Reached XP level 12. HP: 38/82 MP: 7/15
 10492 | D:11     | Reached skill level 10 in Dodging
 10492 | D:11     | Reached skill level 5 in Evocations
 10528 | D:11     | Reached skill level 11 in Short Blades
 10648 | Gauntlet | Entered a Gauntlet
 10648 | Gauntlet | Found a transporter.
 10648 | Gauntlet | Found a transporter.
 10649 | Gauntlet | Found a transporter.
 10649 | Gauntlet | Noticed a sixfirhy
 10651 | Gauntlet | Found a transporter.
 10652 | Gauntlet | Found a transporter.
 10652 | Gauntlet | Found a transporter.
 10654 | Gauntlet | Found a large runed translucent door.
 10655 | Gauntlet | Found a large runed translucent door.
 10657 | Gauntlet | Found a large runed translucent door.
 10657 | Gauntlet | Found a large runed translucent door.
 10658 | Gauntlet | Found a runed translucent door.
 10658 | Gauntlet | Found a large runed translucent door.
 10663 | Gauntlet | Found a large runed translucent door.
 10664 | Gauntlet | Found a large runed translucent door.
 10665 | Gauntlet | Found a large runed translucent door.
 10667 | Gauntlet | Found a runed translucent gate.
 10670 | Gauntlet | Identified the cursed +0 quarterstaff of a Million Stories
                  | {holy, +Rage MR+ Str+8 Dex-4}
 10673 | Gauntlet | Found a transporter.
 10680 | Gauntlet | Found a transporter.
 10683 | Gauntlet | Found a transporter.
 10683 | Gauntlet | Found a transporter.
 10683 | Gauntlet | Noticed a catoblepas
 10683 | Gauntlet | Noticed a soul eater
 10689 | Gauntlet | Found a transporter.
 10691 | Gauntlet | Found a transporter.
 10716 | Gauntlet | Found a runed translucent gate.
 10716 | Gauntlet | Found a runed translucent gate.
 10717 | Gauntlet | Found a large runed translucent door.
 10717 | Gauntlet | Found a large runed translucent door.
 10718 | Gauntlet | Found a large runed translucent door.
 10719 | Gauntlet | Found a large runed translucent door.
 10720 | Gauntlet | Found a large runed translucent door.
 10720 | Gauntlet | Found a large runed translucent door.
 10720 | Gauntlet | Found a runed translucent door.
 10721 | Gauntlet | Found a large runed translucent door.
 10722 | Gauntlet | Found a large runed translucent door.
 10736 | Gauntlet | Reached **** piety under Ashenzari
 10884 | Gauntlet | Killed a sixfirhy
 10964 | Gauntlet | Killed a soul eater
 11254 | Gauntlet | Identified the +5 scale mail of Hoserog {rElec rN+ Slay+3}
 11254 | Gauntlet | Noticed a minotaur
 11283 | Gauntlet | Killed a minotaur
 11290 | Gauntlet | Identified the Collected Works on the Voyage
 11699 | D:11     | Reached skill level 10 in Armour
 11986 | D:11     | Found a staircase to the Orcish Mines.
 12070 | D:11     | Noticed an unseen horror
 12084 | D:11     | Killed an unseen horror
 12304 | D:11     | Noticed a soul eater
 12406 | D:12     | Reached XP level 13. HP: 36/90 MP: 6/17
 12626 | D:12     | Found Hippitz's Distillery.
 12634 | D:12     | Bought a potion of heal wounds for 60 gold pieces
 12634 | D:12     | Bought a potion of ambrosia for 96 gold pieces
 13050 | D:12     | Reached skill level 12 in Short Blades
 13433 | D:13     | Noticed a centaur warrior
 13450 | D:13     | Killed a centaur warrior
 14042 | D:13     | Identified a scroll of acquirement
 14195 | D:13     | Found Noluemp's Elemental Accessories.
 14281 | D:13     | Found a stormy altar of Qazlal.
 14981 | D:14     | Found Nuosm's Antique Armour Emporium.
 14986 | D:14     | Bought an ancient leather armour for 161 gold pieces
 14986 | D:14     | Bought a glowing cloak for 172 gold pieces
 15029 | D:14     | Reached ***** piety under Ashenzari
 15670 | D:13     | Identified the +3 leather armour of Bazint {rPois Regen+
                  | Dex+3} (You bought it in a shop on level 14 of the Dungeon)
 16114 | Lair:1   | Entered Level 1 of the Lair of Beasts
 16114 | Lair:1   | Found a frozen archway.
 16359 | Lair:1   | Learned a level 1 spell: Confusing Touch
 16363 | Lair:1   | Learned a level 3 spell: Confuse
 16536 | IceCv    | Entered an ice cave
 16561 | IceCv    | Reached skill level 10 in Fighting
 16908 | IceCv    | Reached skill level 13 in Short Blades
 17094 | IceCv    | Reached XP level 14. HP: 86/99 MP: 16/19
 17371 | IceCv    | Reached skill level 1 in Hexes
 17771 | IceCv    | Noticed a frost giant
 17796 | IceCv    | Killed a frost giant
 19820 | Lair:2   | Got the uncursed scale mail of the Beggar {rPois rF+++
                  | Stlth-}
 19888 | Lair:2   | Identified the +4 scale mail of the Beggar {rPois rF+++
                  | Stlth-} (You found it on level 2 of the Lair of Beasts)
 20348 | Lair:3   | Found a staircase to the Swamp.
 20786 | Lair:4   | Found a hole to the Spider Nest.
 20984 | Lair:4   | Got the uncursed ring mail of Hijogeytz {Regen+ SInv}
 20995 | Lair:4   | Identified the +1 ring mail of Hijogeytz {Regen+ SInv} (You
                  | found it on level 4 of the Lair of Beasts)
 21390 | Lair:5   | Found a viscous altar of Jiyva.
 21391 | Lair:5   | Found a staircase to the Slime Pits.
 21995 | Lair:5   | Reached ****** piety under Ashenzari
 22424 | Lair:6   | Entered Level 6 of the Lair of Beasts
 22616 | Lair:6   | Reached XP level 15. HP: 36/105 MP: 6/21
 22666 | Lair:6   | Reached skill level 14 in Short Blades
 23834 | Lair:6   | Found a large runed translucent door.
 23835 | Lair:6   | Found a large runed translucent door.
 24302 | Lair:6   | Got the cursed plate armour of Mesyetif {rF- Int+6 Slay+2}
 24888 | D:14     | Found a gate to the Vaults.
 24895 | D:14     | Reached skill level 5 in Spellcasting
 25259 | D:15     | Entered Level 15 of the Dungeon
 25299 | D:15     | Found a shadowy altar of Dithmenos.
 26519 | D:15     | Reached XP level 16. HP: 108/113 MP: 21/23
 26528 | D:15     | Found a staircase to the Depths.
 26980 | Orc:1    | Entered Level 1 of the Orcish Mines
 27167 | Orc:2    | Entered Level 2 of the Orcish Mines
 27441 | Orc:2    | Found a runed translucent gate.
 27443 | Orc:2    | Found a runed translucent gate.
 27491 | Orc:2    | Found a runed translucent gate.
 27496 | Orc:2    | Noticed chorionicmirror's ghost (journeyman DsGl)
 27496 | Orc:2    | Noticed Borgoz's ghost (adept GrFi)
 27496 | Orc:2    | Noticed Nico3ck's ghost (journeyman DsBe)
 27496 | Orc:2    | Noticed grouchysmurf's ghost (journeyman HOSk)
 27753 | Orc:2    | Killed Nico3ck's ghost
 27772 | Orc:2    | Killed grouchysmurf's ghost
 27806 | Orc:2    | Killed chorionicmirror's ghost
 27869 | Orc:2    | Killed Borgoz's ghost
 28191 | Orc:2    | Reached skill level 15 in Short Blades
 28846 | Orc:2    | Found a staircase to the Elven Halls.
 28874 | Orc:2    | Found Oniboq's Distillery.
 28874 | Orc:2    | Found Limig's Food Shop.
 28874 | Orc:2    | Found Medwereb's Magic Scroll Shop.
 28893 | Orc:2    | Found Wetuo's Gadget Boutique.
 28901 | Orc:2    | Bought a potion of might for 48 gold pieces
 28901 | Orc:2    | Bought a potion of heal wounds for 60 gold pieces
 29395 | Orc:1    | Noticed Erica
 29396 | Orc:1    | Killed Erica
 29973 | Swamp:1  | Entered Level 1 of the Swamp
 31714 | Swamp:2  | Identified the cursed +2 falchion "Fukejig" {freeze, -Tele
                  | rF+ rC+++ MR+}
 32401 | Swamp:2  | Reached XP level 17. HP: 88/119 MP: 18/24
 32889 | Swamp:3  | Noticed a thorn hunter
 32912 | Swamp:3  | Killed a thorn hunter
 33091 | Swamp:3  | Noticed Kirke
 33155 | Swamp:3  | Killed Kirke
 34062 | Swamp:4  | Entered Level 4 of the Swamp
 34580 | Swamp:4  | Reached skill level 5 in Hexes
 34639 | Swamp:4  | Slain by a six-headed hydra

Levels and vault maps discovered:
D:1:      minmay_arrival_checkered_box, layout_rooms, minmay_misc_feat_pillars
D:2:      layout_rooms, ashenzari_conservatory_becter, tso_altar
D:3:      layout_basic, doesnt_xom_only_xom, st_stairs_13, supply_closet_lemuel
D:4:      layout_loops_ring, lemuel_coloured_pillars_altar,
          nicolae_overflow_hidden_temple, gup_sewer_entry_glass, first_ration,
          lemuel_angel_altar, uniq_blork_the_orc
D:5:      layout_rooms, vehumet_statue, lemuel_crystal_altar, kennysheep_mini,
          minmay_temple_entry_glass, basic_altar
D:6:      layout_rooms
D:7:      minmay_inner_zag, layout_loops_ring, serial_shops, shop
D:8:      layout_loops_ring, kennysheep_mini_moat, david_lair_generic,
          hangedman_pestilent_swarm
D:9:      layout_roguey, bh_walls_and_bars, uniq_pikel
D:10:     minmay_recursive_quarters, layout_irregular_city
D:11:     layout_basic, orc_0_dummy, gauntlet_entry_generic
D:12:     layout_basic, serial_shops, nicolae_shop_stone, minivault_25
D:13:     layout_irregular_city, nicolae_elemental_shop,
          chequers_serial_rivers_room_b, grunt_qazlal_sundering
D:14:     layout_long_grid, david_vaults_1, serial_shops, shop, serial_rivers,
          chequers_serial_rivers_micro_d, chequers_serial_rivers_large_a,
          chequers_serial_rivers_micro_d, chequers_serial_rivers_micro_a,
          chequers_serial_rivers_micro_b, minmay_misc_feat_rugged, st_stairs_4
D:15:     hangedman_depths_entry_try_elsewhere_first, layout_basic,
          serial_park_tiny_pond, nicolae_dithmenos_through_a_glass_darkly
Temple:   nicolae_temple_figure_eight
Lair:1:   layout_chaotic_city, portal_ice_cave_entry_ice_beasts,
          serial_bayou_pond_c
Lair:2:   statuecave_lemuel, layout_loops_ring, nicolae_quartered_pool_super,
          grunt_megastairs_3
Lair:3:   layout_regular_city, minmay_swamp_entry_reptiles, st_stairs_10
Lair:4:   cheibrodos_lair_river_kwai, layout_long_grid, spider_nest_entry_rubble
Lair:5:   layout_small_grid, slime_altar_1, grunt_megastairs_2
Lair:6:   cheibrodos_lair_end_hotspot, layout_regular_city, serial_bayou_shore_a
Swamp:1:  layout_falls_marsh, nicolae_swamp_triple_paths
Swamp:2:  layout_falls_marsh, nicolae_swamp_very_dense_foliage
Swamp:3:  layout_basic_swamp, hangedman_swamp_cone, uniq_kirke
Swamp:4:  swamp, layout_basic_swamp, swamp_pool5
Orc:1:    layout_caves, rock_pile, uniq_erica
Orc:2:    st_orc_mages, layout_diamond_mine, special_room,
          gammafunk_ghost_cemetery, minmay_orc_keep

Skill      XL: |  1  2  3  4  5  6  7  8  9 10 11 12 13 14 15 16 17 |
---------------+----------------------------------------------------+-----
Fighting       | 2 3 4 5 6 8 9 10 11 12 | 12.4
Short Blades   | 4 5 6 7 8 9 10 11 13 14 15 | 15.7
Armour         | 1 2 3 4 5 6 7 9 10 11 12 13 14 | 14.1
Dodging        | 4 5 6 7 8 9 10 11 12 13 14 | 14.5
Stealth        | 1 3 4 5 7 8 |  8.5
Evocations     | 1 2 3 4 5 6 |  6.7
Spellcasting   | 1 2 3 4 5 |  5.0
Hexes          | 2 3 4 5 |  5.0
Throwing       | |  2.0

Action                   |  1- 3 |  4- 6 |  7- 9 | 10-12 | 13-15 | 16-18 || total
-------------------------+-------+-------+-------+-------+-------+-------++-------
Melee: Rapier            |    84 |   227 |   338 |   995 |   127 |       ||  1771
       Quick blade       |       |       |       |       |  1889 |  1436 ||  3325
       Unarmed           |       |       |       |       |       |    18 ||    18
Throw: Throwing net      |       |       |     1 |       |     4 |       ||     5
 Cast: Confusing Touch   |       |       |       |       |     9 |    23 ||    32
Invok: Curse Item        |       |       |     1 |     1 |       |       ||     2
       Scrying           |       |       |       |       |     2 |       ||     2
 Abil: Evoke Invisibilit |       |       |       |       |     4 |     2 ||     6
Evoke: Wand              |       |       |       |     3 |     2 |     1 ||     6
  Use: Scroll            |       |     3 |    15 |     2 |    12 |     1 ||    33
       Potion            |       |       |     4 |     7 |     7 |     5 ||    23
 Stab: Sleeping          |     1 |       |     2 |     4 |    14 |     7 ||    28
       Distracted        |       |       |     1 |     2 |       |     2 ||     5
       Held in net/web   |       |       |       |       |     4 |       ||     4
       Confused          |       |       |       |       |    13 |    29 ||    42
       Invisible         |       |       |       |       |    12 |     6 ||    18
  Eat: Chunk             |       |     6 |    14 |    13 |    31 |    24 ||    88
       Ration            |       |       |       |     1 |     5 |     1 ||     7
Armor: Leather armour    |    15 |       |       |       |       |       ||    15
       Ring mail         |    15 |    55 |    51 |   170 |   199 |   172 ||   662
       Skin              |       |       |       |    54 |       |       ||    54
       Scale mail        |       |       |       |       |    42 |       ||    42
Dodge: Dodged            |    76 |   213 |   212 |   649 |   992 |   764 ||  2906

Table legend:
 A = Non-vault XP
 B = Vault XP
 C = Vault XP percentage of total XP
 D = Non-vault monster count
 E = Vault monster count
 F = Vault count percentage of total count
                 A         B        C        D         E       F
            +---------+---------+-------+---------+---------+-------
      Total |  110436 |   55544 |  33.5 |     561 |     236 |  29.6
            +---------+---------+-------+---------+---------+-------
        D:1 |      21 |       0 |   0.0 |      12 |       0 |   0.0
        D:2 |      59 |       0 |   0.0 |      16 |       0 |   0.0
        D:3 |      13 |       2 |  13.3 |       8 |       1 |  11.1
        D:4 |     304 |     132 |  30.3 |      16 |       6 |  27.3
        D:5 |     511 |      32 |   5.9 |      15 |       1 |   6.2
        D:6 |     373 |       0 |   0.0 |       9 |       0 |   0.0
        D:7 |    1503 |     245 |  14.0 |      22 |       3 |  12.0
        D:8 |    1412 |    1615 |  53.4 |      31 |       8 |  20.5
        D:9 |    2355 |     697 |  22.8 |      34 |       1 |   2.9
       D:10 |    4111 |    1144 |  21.8 |      31 |       6 |  16.2
       D:11 |    7639 |       0 |   0.0 |      39 |       0 |   0.0
       D:12 |    2760 |       0 |   0.0 |       9 |       0 |   0.0
       D:13 |    6261 |       0 |   0.0 |      27 |       0 |   0.0
       D:14 |    5420 |    4667 |  46.3 |      17 |       8 |  32.0
       D:15 |   13754 |    2988 |  17.8 |      32 |       4 |  11.1
     Lair:1 |    1050 |    1033 |  49.6 |       4 |       8 |  66.7
     Lair:2 |    4069 |     751 |  15.6 |      17 |       2 |  10.5
     Lair:3 |    1699 |     629 |  27.0 |      10 |       5 |  33.3
     Lair:4 |    4255 |    1966 |  31.6 |      18 |       6 |  25.0
     Lair:5 |    2598 |    1940 |  42.8 |      12 |       8 |  40.0
     Lair:6 |   11273 |    9679 |  46.2 |      31 |      29 |  48.3
    Swamp:1 |   11948 |       0 |   0.0 |      42 |       0 |   0.0
    Swamp:2 |   10852 |       0 |   0.0 |      24 |       0 |   0.0
    Swamp:3 |    6422 |    1582 |  19.8 |      17 |       4 |  19.0
    Swamp:4 |    3532 |     908 |  20.5 |       9 |       1 |  10.0
      Orc:1 |    1934 |     919 |  32.2 |      25 |       5 |  16.7
      Orc:2 |    4308 |   11191 |  72.2 |      34 |      50 |  59.5
      Sewer |       0 |     653 | 100.0 |       0 |      33 | 100.0
      IceCv |       0 |    9565 | 100.0 |       0 |      36 | 100.0
   Gauntlet |       0 |    3206 | 100.0 |       0 |      11 | 100.0
            +---------+---------+-------+---------+---------+-------
